 Dungeon Crawl Stone Soup version 0.28.0-47-ge53b351184 (webtiles) character file.

Game seed: 2943328347635501651

548 CryoSword the Firebug (level 6, -6/75 HPs)
             Began as a Demigod Fire Elementalist on May 5, 2022.
             Mangled by Maggie
             ... wielding a +4 glaive of flaming
              (9 damage)
             ... on level 6 of the Dungeon.
             The game lasted 00:06:34 (5123 turns).

CryoSword the Firebug (Demigod Fire Elementalist)   Turns: 5123, Time: 00:06:34

Health: -6/75      AC: 23    Str:  9    XL:     6   Next: 79%
Magic:  0/13       EV:  2    Int: 31    God:
Gold:   190        SH:  0    Dex: 12    Spells: 8/11 levels left

rFire   . . .      SeeInvis .   f - +0 whip
rCold   . . .      Faith    .   (no shield)
rNeg    . . .      Spirit   .   (armour currently unavailable)
rPois   +          Reflect  .   (helmet currently unavailable)
rElec   .          Harm     .   (cloak currently unavailable)
rCorr   .          Rampage  .   (gloves currently unavailable)
Will    .....      NoTele   +   (boots currently unavailable)
Stlth   ++........              n - amulet of regeneration
HPRegen 1.02/turn               d - +6 ring of intelligence
MPRegen 0.13/turn               (no ring)

@: tree-form, hasted, very quick
A: stationary, stasis, torment immunity, boosted hp, high MP 1, forlorn, divine
attributes, (iridescent scales 1), clumsy 1
a: no special abilities


You were on level 6 of the Dungeon.
You were a tree.
You visited 1 branch of the dungeon, and saw 5 of its levels.

You collected 190 gold pieces.

Inventory:

Hand Weapons
 f - a +0 whip (weapon)
   (You found it on level 2 of the Dungeon)
Armour
 a - a +1 pair of gloves (melded)
   (You found it on level 4 of the Dungeon)
 k - a +2 helmet (melded)
   (You found it on level 4 of the Dungeon)
 p - a +2 robe of fire resistance (melded)
   (You took it off Blork the orc on level 4 of the Dungeon)
Jewellery
 d - a +6 ring of intelligence (left branch)
   (You found it on level 2 of the Dungeon)
 n - an amulet of regeneration (around neck)
   (You found it on level 4 of the Dungeon)
Scrolls
 c - a scroll of blinking
 h - a scroll of teleportation {unknown}
 l - a scroll of holy word {unknown}
 m - a scroll of enchant weapon {unknown}
Potions
 b - a potion of resistance


   Skills:
 + Level 2.6 Fighting
 + Level 1.9 Dodging
 + Level 1.9 Stealth
 + Level 3.1 Spellcasting
 * Level 3.2 Conjurations
 * Level 5.1 Fire Magic


You had 8 spell levels left.
You knew the following spells:

 Your Spells              Type           Power      Damage    Failure   Level
a - Foxfire               Conj/Fire      100%       2x1d9     1%          1
b - Scorch                Fire           72%        2d9       1%          2

Your spell library contained the following spells:

 Spells                   Type           Power      Damage    Failure   Level
 Conjure Flame            Conj/Fire      30%        6-21      3%          3
 Animate Skeleton         Necr           8%         N/A       7%          1
 Apportation              Tloc           8%         N/A       7%          1
 Summon Small Mammal      Summ           16%        N/A       7%          1
 Inner Flame              Hex/Fire       20%        N/A       7%          3
 Flame Wave               Conj/Fire      30%        2d8       12%         4


Dungeon Overview and Level Annotations

Branches:
Dungeon (4/15)
 Temple: D:4-7

Annotations:
D:6 Maggie


Innate Abilities, Weirdness & Mutations

You are a tree.
Your roots penetrate the ground, keeping you stationary.
You cannot be teleported.
You are immune to unholy pain and torment.
Your maximum health is greatly increased.
Your equipment is partially melded.
You have an increased reservoir of magic. (+10% MP)
You shall have no god before yourself.
Your divine heritage dramatically boosts your attributes as you level up.
((You are partially covered in iridescent scales. (AC +2)))
You are clumsy. (Dex -2)


Message History

You start resting.
A gnoll is nearby!
You conjure some foxfire!
The gnoll shouts!
The foxfire hits the gnoll.
The foxfire hits the gnoll!
You conjure some foxfire!
The gnoll barely misses you.
The foxfire hits the gnoll.
You kill the gnoll!
Your Fire Magic skill increases to level 5!
Unknown command.
You start putting on your armour.
You continue putting on your +0 pair of gloves. x4
You finish putting on your +0 pair of gloves.
Blink to where?
As you read the scroll labelled EJOUZU MILUO, it crumbles to dust.
It was a scroll of blinking.
As you read the scroll labelled JAZEUZ LOEHUT, it crumbles to dust.
It is a scroll of identify.
b - a potion of resistance
As you read the scroll of identify {@r1}, it crumbles to dust.
i - a potion of lignification
As you read the scroll of identify {@r1}, it crumbles to dust.
o - a scroll of enchant armour
As you read the scroll of enchant armour, it crumbles to dust.
Your +0 pair of gloves glows green for a moment.
Items here: )) [ †.
Things that are here:
a +0 whip; a gnoll corpse
There is a stone staircase leading down here.
Things that are here:
a +0 whip; a +0 leather armour; a gnoll corpse
Things that are here:
a +0 flail; a gnoll corpse
Things that are here:
a +0 spear; a gnoll corpse
Things that are here:
a +0 spear; a gnoll corpse
Things that are here:
a +0 whip; a +0 leather armour; a gnoll skeleton
There is a stone staircase leading down here.
Key pressed, stopping explore.
Things that are here:
a +0 hand axe; a +0 leather armour
There is an open door here.
A worm is nearby!
A worm is nearby!
A worm is nearby!
Flames lash the worm.
The worm's fire resistance burns away.
You conjure some foxfire!
The worm barely misses you.
Flames lash the worm.
The worm is burned terribly!
You conjure some foxfire!
The worm closely misses you.
Flames lash the worm.
The worm is burned terribly!
You kill the worm!
A sourceless malevolence fills the Dungeon...
You fall into a shaft and drop 2 floors!
The shaft crumbles and collapses.
A necrophage comes into view.
A necrophage is nearby!
A necrophage is nearby!
Maggie the Vainglorious comes into view.
She is wielding a +4 glaive of flaming.
Maggie shouts!
Maggie says, "Leave now, and tell all of Margery's mercy!"
You conjure some foxfire!
Nothing appears to happen.
The foxfire hits the necrophage!
You conjure some foxfire!
The foxfire hits Maggie.
Maggie mumbles some strange words.
Maggie attempts to bespell you!
You are mesmerised by Maggie!
You conjure some foxfire!
The foxfire hits the necrophage. x2
Flames lash the necrophage.
You destroy the necrophage!
The foxfire hits Maggie.
The foxfire hits Maggie but does no damage.
Flames lash Maggie.
Maggie's fire resistance burns away.
Maggie hits you from afar with a +4 glaive of flaming!
Maggie burns you.
You conjure some foxfire!
Maggie closely misses you.
Flames lash Maggie.
Maggie is burned terribly!
The foxfire hits Maggie.
Maggie is burned terribly!
The foxfire hits Maggie but does no damage.
Maggie hits you from afar with a +4 glaive of flaming!
Maggie burns you.
Flames lash Maggie.
Maggie is burned terribly!
Maggie hits you from afar with a +4 glaive of flaming!
* * * LOW HITPOINT WARNING * * *
Maggie burns you.
* * * LOW HITPOINT WARNING * * *
Okay, then.
Found a scroll labelled OKUITH JOKE.
Maggie hits you with a +4 glaive of flaming!
* * * LOW HITPOINT WARNING * * *
Maggie burns you.
* * * LOW HITPOINT WARNING * * *
Really quaff
i - a potion of lignification {!q}?
Really quaff the potion of lignification?
You turn into a tree.
Your +2 helmet melds into your body.
Your +1 pair of gloves melds into your body.
Your +2 robe of fire resistance melds into your body.
You feel less resistant to fire.
Your roots penetrate the ground.
Maggie gestures at you while chanting.
The bolt of fire hits you but does no damage.
You hit Maggie but do no damage.
Maggie hits you with a +4 glaive of flaming.
* * * LOW HITPOINT WARNING * * *
Maggie burns you.
* * * LOW HITPOINT WARNING * * *
It was a potion of haste.
You feel yourself speed up.
Maggie points at you and mumbles some strange words.
The bolt of fire hits you but does no damage.
It was a potion of mutation.
You feel extremely strange.
You feel clumsy.
Iridescent scales grow over part of your body.
Unknown command.
Unknown command.
Okay, then.
Unknown command.
Here: Maggie, wielding a +4 glaive of flaming and wearing +2 steam dragon scales (severely wounded, mesmerising, more vulnerable to fire)
The floor.
You hit Maggie but do no damage.
Maggie hits you with a +4 glaive of flaming.
* * * LOW HITPOINT WARNING * * *
Maggie burns you.
* * * LOW HITPOINT WARNING * * *
You hit Maggie but do no damage. Maggie casts a spell at you.
The bolt of fire hits you.
* * * LOW HITPOINT WARNING * * *
You conjure some foxfire!
You completely miss Maggie.
You break out of your daze.
The foxfire hits Maggie.
The foxfire hits Maggie but does no damage.
Maggie casts a spell.
Maggie attempts to bespell you! You resist.
You hit Maggie but do no damage. Maggie casts a spell at you.
The bolt of fire hits you.
* * * LOW HITPOINT WARNING * * *
You barely miss Maggie. You hit Maggie but do no damage.
Maggie gestures wildly while chanting.
Maggie attempts to bespell you! You resist.
You closely miss Maggie.
Maggie hits you with a +4 glaive of flaming.
* * * LOW HITPOINT WARNING * * *
Maggie burns you.
* * * LOW HITPOINT WARNING * * *
You barely miss Maggie.
Maggie hits you with a +4 glaive of flaming!
You die...

##.........
##..........
##...........
##............
#.............
#......#≈≈≈≈#.
#......≈≈§≈≈≈.
#......≈≈§§≈≈.
#..♣...≈≈≈§≈≈
#...@..≈≈§§
#...†..#≈≈§
#..........
##.........
##.......?
##.......
#......


You could see Maggie (combustible).

Vanquished Creatures
  An ogre (D:4)
  A necrophage (D:6)
  Blork the orc (D:4)
  An orc priest (D:3)
  A centaur skeleton (D:4)
  A gnoll shaman (D:4)
  Terence (D:3)
  9 gnolls
  3 adders
  An ufetubus (D:4)
  2 worms
  5 dart slugs
  5 orcs
  6 endoplasms
  2 giant cockroaches
  6 goblins
  6 hobgoblins
  4 quokkas
  3 ball pythons (D:3)
  5 bats
  5 frilled lizards
  6 kobolds
  3 rats
78 creatures vanquished.

Vanquished Creatures (others)
  186 foxfires
186 creatures vanquished.

Grand Total: 264 creatures vanquished

Notes
Turn   | Place    | Note
-------+----------+-------------------------------------------
     0 | D:1      | CryoSword the Demigod Fire Elementalist began the quest for
                  | the Orb.
     0 | D:1      | Reached XP level 1. HP: 14/14 MP: 5/5
    56 | D:1      | Reached skill level 1 in Conjurations
   458 | D:1      | Reached skill level 3 in Fire Magic
   504 | D:1      | Reached XP level 2. HP: 18/20 MP: 2/7
   512 | D:1      | Learned a level 2 spell: Scorch
  1686 | D:2      | Reached XP level 3. HP: 27/27 MP: 5/8
  2384 | D:3      | Reached skill level 1 in Fighting
  2422 | D:3      | Reached XP level 4. HP: 31/35 MP: 1/9
  2727 | D:3      | Noticed Terence
  2755 | D:3      | Killed Terence
  2991 | D:3      | Reached skill level 4 in Fire Magic
  3339 | D:3      | Reached XP level 5. HP: 40/40 MP: 7/11
  4238 | D:4      | Noticed Blork the orc
  4245 | D:4      | Killed Blork the orc
  4429 | D:4      | Noticed an ogre
  4435 | D:4      | Killed an ogre
  4436 | D:4      | Reached XP level 6. HP: 29/48 MP: 5/13
  4773 | D:4      | Reached skill level 5 in Fire Magic
  5091 | D:4      | You fall into a shaft and drop 2 floors!
  5100 | D:6      | Noticed Maggie
  5114 | D:6      | Gained mutation: You are clumsy. (Dex -2) [potion of
                  | mutation]
  5114 | D:6      | Gained mutation: You are partially covered in iridescent
                  | scales. (AC +2) [potion of mutation]
  5122 | D:6      | HP: 3/75 [Maggie/+4 glaive of flaming (2)]
  5123 | D:6      | Mangled by Maggie

Illustrated notes

Levels and vault maps discovered:
D:1:      dpeg_arrival_solitude, layout_basic
D:2:      layout_basic
D:3:      minmay_evil_eye, layout_loops_cross, chequers_ecumenical_altar_simple,
          skrybe_limestone_x, uniq_terence
D:4:      layout_basic, mainiacjoe_overflow_catwalk,
          nicolae_qazlal_scattered_showers, mainiacjoe_overflow_alcove_4,
          minmay_temple_entry_junction, uniq_blork_the_orc
D:6:      layout_basic, gammafunk_ghost_stat_death, minmay_misc_feat_enclosed,
          minmay_holes, kennysheep_big_empty_room, uniq_maggie, uniq_menkaure,
          uniq_eustachio

Skill      XL: |  1  2  3  4  5  6 |
---------------+-------------------+-----
Conjurations   | 1 2 3 |  3.2
Fire Magic     | 3 4 5 |  5.1
Spellcasting   | 2 3 |  3.1
Fighting       | 1 2 |  2.6
Dodging        | |  1.9
Stealth        | |  1.9

Action                   |  1- 3 |  4- 6 || total
-------------------------+-------+-------++-------
Melee: Unarmed           |     6 |       ||     6
       Whip              |     6 |    15 ||    21
 Cast: Foxfire           |    44 |    63 ||   107
       Scorch            |    32 |    54 ||    86
  Use: Scroll            |       |     5 ||     5
       Potion            |       |     3 ||     3
Armor: Robe              |     5 |     7 ||    12
       Skin              |       |     2 ||     2
Dodge: Dodged            |    17 |    38 ||    55
